 Dungeon Crawl Stone Soup version 0.17.1-3-g152610e (webtiles) character file.

11318 Gargoyl the Fighter (level 11, -9/90 HPs)
             Began as a Demonspawn Abyssal Knight on Mar 10, 2016.
             Was a High Priest of Lugonu.
             Killed from afar by Name63's ghost (36 damage)
             ... with a shard of ice
             ... on level 2 of the Lair of Beasts.
             The game lasted 00:27:49 (15236 turns).

Gargoyl the Fighter (Demonspawn Abyssal Knight)    Turns: 15236, Time: 00:27:49

Health: -9/90      AC: 26    Str: 19    XL:     11   Next: 47%
Magic:  13/13      EV:  9    Int: 12    God:    Lugonu [*****.]
Gold:   380        SH:  0    Dex: 12    Spells: 0 memorised, 10 levels left

rFire  + . .     SeeInvis .     i - +0 broad axe
rCold  + . .     Clarity  +     l - +4 plate armour
rNeg   . . .     SustAt   .     (no shield)
rPois  +         Gourm    .     (no helmet)
rElec  +         Spirit   .     w - +2 cloak
rCorr  +         Warding  .     E - +0 pair of gloves
rMut   .         Stasis   .     e - +2 pair of boots
MR     +....                    (no amulet)
Stlth  ..........               J - ring of flight
                                z - +3 ring of strength

@: exhausted, resistant, very slightly contaminated, hasted and slowed, drained,
somewhat resistant to hostile enchantments, extremely unstealthy
A: hooves 1, repulsion field 1, berserk 1, clarity, dopey 1, magic resistance 1,
nightstalker 2, poison resistance, spit poison 1, rot immunity, subdued magic 1
a: Spit Poison, Depart the Abyss, Bend Space, Banish, Corrupt, Enter the Abyss,
Renounce Religion, Evoke Flight


You were on level 2 of the Lair of Beasts.
You worshipped Lugonu.
Lugonu was extremely pleased with you.
You were hungry.

You visited 2 branches of the dungeon, and saw 12 of its levels.
You visited the Abyss 1 time.

You collected 447 gold pieces.
You spent 67 gold pieces at shops.

Inventory:

Hand Weapons
 i - a +0 broad axe (weapon)
 H - a cursed +1 flail
Missiles
 g - 17 tomahawks
 y - 6 javelins (quivered)
Armour
 e - a +2 pair of boots (worn)
 l - a +4 plate armour (worn)
 w - a +2 cloak (worn)
 E - a +0 pair of gloves (worn)
Jewellery
 z - a +3 ring of strength (left hand)
 J - a ring of flight (right hand)
Wands
 n - a wand of polymorph (12)
 p - a wand of frost (22)
 q - a wand of draining (11)
 r - a wand of frost (28)
 x - a wand of magic darts (22)
 A - a wand of lightning (10)
 F - a wand of confusion (21)
 G - a wand of slowing (27)
Scrolls
 a - 4 scrolls of remove curse
 d - 6 scrolls of identify
 h - 3 scrolls of blinking
 t - a scroll of amnesia
 K - 2 scrolls of fear
Potions
 b - a potion of agility
 o - a potion of lignification
 u - a potion of curing
 v - a potion of brilliance
 C - a potion of poison
Books
 B - a book of the Warp

   Spells                             Type                      Level
   a - Recall                         Summoning/Translocation      3
   b - Gell's Gravitas                Hexes/Translocation          3
   c - Force Lance                    Conjuration/Translocation    4
   d - Phase Shift                    Translocation                5
   e - Warp Weapon                    Charms/Translocation         5
   f - Summon Forest                  Summoning/Translocation      5
 D - a book of Cantrips

   Spells                             Type                      Level
   a - Corona                         Hexes                        1
   b - Animate Skeleton               Necromancy                   1
   c - Summon Small Mammal            Summoning                    1
   d - Apportation                    Translocation                1
Comestibles
 c - 9 bread rations
 f - 3 beef jerkies
 j - 3 meat rations
 m - 2 royal jellies
 s - a slice of pizza


   Skills:
 + Level 10.1(9.6) Fighting
 + Level 10.1(9.6) Axes
 + Level 0.8(0.4) Throwing
 + Level 9.4(8.9) Armour
 + Level 3.7(3.3) Dodging
 + Level 1.3(0.8) Stealth
 + Level 3.9(3.4) Invocations


You had 10 spell levels left.
You didn't know any spells.

Dungeon Overview and Level Annotations

Branches:
Dungeon (10/15)            Temple (0/1) D:4            Lair (2/8) D:10
    Orc: D:9-12

Altars:
Cheibriados
Dithmenos
Fedhas
Makhleb
Nemelex Xobeh
Okawaru
Qazlal
Ru
Trog
Vehumet
The Shining One

Shops:
D:7 *}:   D:10 *

Annotations:
Lair:2 Name63's ghost, journeyman GrIE


Innate Abilities, Weirdness & Mutations

You have large cloven feet.
You are surrounded by a mild repulsion field (EV +2).
You are significantly more attuned to the shadows.
You are immune to rotting.
You tend to lose your temper in combat.
You possess an exceptional clarity of mind.
You are dopey. (Int -2)
You are resistant to hostile enchantments.
Your system is resistant to poisons.
You can spit weak poison.
Your spells are a little easier to cast, but a little less powerful.


Message History

Name63's ghost hits you but does no damage.
You feel drained.
You hit Name63's ghost.
Name63's ghost is almost destroyed.
Name63's ghost hits you but does no damage.
Name63's ghost blocks your attack.
Name63's ghost is almost destroyed.
Name63's ghost blocks your attack.
Name63's ghost is almost destroyed.
You are no longer berserk.
You are exhausted.
You feel yourself slow down.
You are feeling hungry.
Name63's ghost points at you and mumbles some strange words.
The orb of energy misses you.
You hit Name63's ghost but do no damage.
Name63's ghost is almost destroyed.
Name63's ghost casts a spell at you. The shard of ice hits you!
You partially resist.
You die...

##... ......
##..P...
#####.#.....
..(.........
....W@......
..####.##..
#.# .#
.P###.##.###
.........#.#
.......#...##.
..............
.###.>........
######..##P


You could see Name63's ghost.

Vanquished Creatures
  Pikel (D:4)
  An oklob plant (D:10)
  Joseph (D:8)
  A gargoyle (D:10)
  3 spiny frogs
  A komodo dragon (Lair:1)
  5 blink frogs (Lair:1)
  A wraith (D:9)
  7 yaks (D:9)
  A human (D:9)
  2 hungry ghosts
  A deep elf mage (D:9)
  4 hippogriffs
  2 basilisks (Lair:1)
  A hog (D:9)
  A mottled dragon (D:8)
  2 water moccasins
  3 ice beasts
  Duvessa (D:5)
  4 orc warriors
  3 phantoms
  A sky beast (D:5)
  A necrophage (D:7)
  2 centaurs
  A black bear (D:10)
  2 ogres
  8 giant frogs
  A crocodile (Lair:1)
  Dowan (D:5)
  A wyvern skeleton (D:7)
  3 scorpions
  11 wights
  6 killer bees (D:10)
  2 crimson imps
  2 giant frog zombies
  A jelly (D:9)
  3 orc priests
  9 orc wizards
  5 hounds
  4 iguanas
  A quasit (D:10)
  2 giant frog skeletons
  9 worker ants
  2 sheep (D:9)
  16 gnolls
  11 adders
  3 shadow imps
  2 oozes
  An adder skeleton (D:4)
  3 worms (D:2)
  36 orcs
  A ball python (D:1)
  8 hobgoblins
  10 jackals
  7 quokkas
  5 bats
  7 giant cockroaches
  7 giant geckos
  7 giant newts
  9 goblins
  2 jackal zombies
  9 kobolds
  A quokka skeleton (D:5)
  11 rats
  3 plants (D:10)
283 creatures vanquished.

Vanquished Creatures (others)
  A wizard (D:6)
  An orc warrior (D:4)
  A slave (D:4)
  An ogre (D:6)
  A wight (D:4)
  A worker ant (D:4)
  2 gnolls (D:4)
  An ooze (D:4)
  A worm (D:4)
  2 jackals (D:4)
  A quokka skeleton (D:4)
13 creatures vanquished.

Grand Total: 296 creatures vanquished

Notes
Turn   | Place    | Note
--------------------------------------------------------------
     0 | Abyss:1  | Gargoyl the Demonspawn Abyssal Knight began the quest for the Orb.
     0 | Abyss:1  | Reached XP level 1. HP: 18/18 MP: 2/2
    57 | Abyss:1  | Noticed a small abomination
   127 | Abyss:2  | Noticed a tentacled starspawn
   140 | Abyss:2  | Noticed a thrashing horror
   142 | D:1      | Escaped the Abyss
   153 | D:1      | Reached * piety under Lugonu
   733 | D:1      | Gained mutation: You are immune to rotting. [demonic ancestry]
   733 | D:1      | Reached XP level 2. HP: 17/24 MP: 3/3
   827 | D:1      | Reached skill level 1 in Dodging
  1500 | D:1      | Reached XP level 3. HP: 29/29 MP: 5/5
  1564 | D:2      | Reached ** piety under Lugonu
  2104 | D:2      | Gained mutation: You are surrounded by a mild repulsion field (EV +2). [demonic ancestry]
  2104 | D:2      | Reached XP level 4. HP: 30/37 MP: 6/6
  2292 | D:2      | Found a sparkling altar of Nemelex Xobeh.
  2772 | D:2      | Found a sacrificial altar of Ru.
  3585 | D:3      | Reached skill level 4 in Fighting
  3923 | D:4      | Noticed a slave
  3924 | D:4      | Noticed Pikel
  3924 | D:4      | Noticed a slave
  3925 | D:4      | Noticed a slave
  3947 | D:4      | Killed Pikel
  3947 | D:4      | Reached skill level 5 in Fighting
  3947 | D:4      | Gained mutation: You have large cloven feet. [demonic ancestry]
  3947 | D:4      | Reached XP level 5. HP: 36/44 MP: 7/7
  3947 | D:4      | Reached XP level 6. HP: 41/51 MP: 8/8
  3947 | D:4      | Reached XP level 7. HP: 45/56 MP: 9/9
  3952 | D:4      | Noticed a freed slave
  4178 | D:4      | Reached *** piety under Lugonu
  4490 | D:4      | Killed a freed slave
  4871 | D:4      | Found a staircase to the Ecumenical Temple.
  5159 | D:5      | Entered Level 5 of the Dungeon
  5565 | D:5      | Reached skill level 5 in Armour
  5565 | D:5      | Gained mutation: You are slightly more attuned to the shadows. [demonic ancestry]
  5565 | D:5      | Reached XP level 8. HP: 53/64 MP: 10/10
  5770 | D:5      | Reached skill level 5 in Axes
  5774 | D:5      | Gained mutation: You are dopey. (Int -2) [mutagenic meat]
  5775 | D:5      | Gained mutation: Your spells are a little easier to cast, but a little less powerful. [mutagenic meat]
  5777 | D:5      | Gained mutation: You possess an exceptional clarity of mind. [mutagenic meat]
  5978 | D:4      | Reached skill level 6 in Fighting
  6280 | D:4      | Gained mutation: Scrolls take you a little longer to read. [potion of mutation]
  6280 | D:4      | Gained mutation: You can spit weak poison. [potion of mutation]
  6280 | D:4      | Gained mutation: You are resistant to hostile enchantments. [potion of mutation]
  6282 | D:4      | Gained mutation: Your system is resistant to poisons. [potion of beneficial mutation]
  6727 | D:5      | Gained mutation: You tend to lose your temper in combat. [potion of mutation]
  6727 | D:5      | Lost mutation: Scrolls take you a little longer to read. [potion of mutation]
  6764 | D:5      | Noticed Duvessa
  6765 | D:5      | Noticed Dowan
  6772 | D:5      | Killed Duvessa
  6774 | D:5      | Killed Dowan
  7267 | D:6      | Found a shadowy altar of Dithmenos.
  7303 | D:6      | Found a bloodstained altar of Trog.
  7338 | D:6      | Found a glowing golden altar of the Shining One.
  7351 | D:6      | HP: 3/65 [ogre/giant club (8)]
  7353 | D:6      | Gained mutation: You are significantly more attuned to the shadows. [demonic ancestry]
  7353 | D:6      | Reached XP level 9. HP: 3/71 MP: 11/11
  7855 | D:6      | Noticed a wizard
  7860 | D:6      | Killed a wizard
  8219 | D:7      | Reached skill level 7 in Fighting
  8318 | D:7      | Found Joezet's General Store.
  8324 | D:7      | Bought a +0 cloak for 67 gold pieces
  8462 | D:7      | Found a burning altar of Makhleb.
  8481 | D:7      | Found Yreduov's Book Shoppe.
  8728 | D:7      | Found Forchyuz's Gadget Shop.
  8830 | D:7      | You fall through a shaft!
  9140 | D:7      | Found a radiant altar of Vehumet.
  9146 | D:7      | Reached **** piety under Lugonu
 10072 | D:8      | Found a blossoming altar of Fedhas.
 10081 | D:8      | Found a stormy altar of Qazlal.
 10576 | D:8      | Noticed Joseph
 10590 | D:8      | Killed Joseph
 10908 | D:9      | Reached XP level 10. HP: 80/80 MP: 12/12
 10956 | D:9      | Reached skill level 8 in Fighting
 10964 | D:9      | Reached skill level 1 in Stealth
 11572 | D:9      | Found an iron altar of Okawaru.
 11725 | D:9      | Found a snail-covered altar of Cheibriados.
 11734 | D:9      | Reached ***** piety under Lugonu
 11780 | D:9      | Reached skill level 9 in Fighting
 11998 | D:10     | Entered Level 10 of the Dungeon
 12653 | D:10     | Found a staircase to the Lair.
 12653 | D:10     | Noticed an oklob plant
 12994 | D:10     | Found Rufuol's General Store.
 13008 | D:10     | Reached XP level 11. HP: 79/89 MP: 13/13
 13579 | D:10     | Killed an oklob plant
 13601 | Lair:1   | Entered Level 1 of the Lair of Beasts
 14491 | Lair:1   | Reached skill level 10 in Fighting
 14491 | Lair:1   | Reached skill level 10 in Axes
 15201 | Lair:2   | Noticed Name63's ghost (journeyman GrIE)
 15236 | Lair:2   | Killed from afar by Name63's ghost

Action                   |  1- 3 |  4- 6 |  7- 9 | 10-12 || total
-------------------------+-------+-------+-------+-------++-------
Melee: War axe           |   146 |   103 |   587 |       ||   836
       Broad axe         |       |       |    34 |   491 ||   525
Throw: Javelin           |       |       |     6 |     2 ||     8
       Tomahawk          |       |       |     2 |       ||     2
Invok: Depart the Abyss  |     1 |       |       |       ||     1
       Banish            |       |       |     5 |       ||     5
 Abil: Spit Poison       |       |       |     3 |       ||     3
  Use: Scroll            |       |       |    13 |     4 ||    17
       Potion            |       |       |    11 |     7 ||    18
 Stab: Sleeping          |     2 |       |       |       ||     2
  Eat: Chunk             |     4 |     6 |    23 |    11 ||    44
       Meat ration       |       |       |     1 |     1 ||     2
       Royal jelly       |       |       |     1 |       ||     1
       Fruit             |       |       |       |     3 ||     3
       Pizza             |       |       |       |     6 ||     6
